Map: Blueshift LE

Players

Reynor - Winner!

  • Race: Zerg Zerg
  • League: Master
  • Spawn Location: 1:00

goblin

  • Race: Protoss Protoss
  • Spawn Location: 7:00

Event: HomeStory Cup XVIII

VOD

Have the link to the VOD?

Description

Time

  • Played on: Nov. 22, 2018, 10:46 a.m.
  • Length: 7:19

All games in this series

Show
View Real Time Build Order
Export as new Build Order

Reynor Zerg - Winner!

Build Orders: Hatch First 

Get SALT Encoding   

  12  0:01  Drone  
  13  0:12  Overlord  
  13  0:17  Drone  
  14  0:31  Drone x2  
  16  0:49  Drone  
  17  0:55  Drone  
  18  1:01  Extractor  
  17  1:05  Hatchery  
  17  1:09  Drone  
  17  1:15  Spawning Pool  
  17  1:18  Drone  
  17  1:21  Drone  
  18  1:28  Drone  
  19  1:39  Drone  
  20  1:49  Overlord  
  20  2:02  Zergling x2  
  20  2:05  Metabolic Boost  
  20  2:07  Queen  
  23  2:11  Zergling x2  
  24  2:17  Queen  
  24  2:18  Drone  
  24  2:21  Drone  
  28  2:28  Drone  
  29  2:33  Drone  
  30  2:41  Hatchery  
  30  2:43  Drone  
  30  2:45  Drone  
  31  2:53  Queen  
  31  2:57  Overlord  
  33  3:00  Drone  
  33  3:03  Drone  
  36  3:05  Drone  
  36  3:16  Zergling x4  
  36  3:18  Overlord  
  36  3:19  Drone x2  
  40  3:28  Queen  
  40  3:29  Drone x2  
  44  3:34  Overlord  
  44  3:36  Drone  
  44  3:37  Drone  
  44  3:40  Drone  
  44  3:41  Drone  
  48  3:50  Drone  
  48  3:53  Queen, Drone  
  52  4:03  Zergling x4  
  52  4:04  Overlord  
  52  4:06  Drone x2  
  52  4:07  Drone  
  52  4:09  Overlord  
  57  4:10  Drone  
  57  4:16  Overlord  
  58  4:19  Spore Crawler  
  58  4:20  Drone  
  58  4:22  Pneumatized Carapace  
  58  4:25  Spore Crawler  
  58  4:26  Overlord  
  58  4:28  Spore Crawler  
  56  4:33  Queen  
  56  4:34  Drone x2  
  60  4:39  Roach Warren  
  60  4:43  Drone  
  60  4:44  Drone x3  
  63  4:46  Drone  
  64  4:56  Lair  
  64  4:57  Drone x4  
  64  4:59  Extractor x2  
  66  5:03  Zergling x4  
  66  5:04  Zergling x4  
  70  5:13  Overlord  
  70  5:17  Queen  
  72  5:21  Drone x3  
  72  5:25  Roach x3  
  81  5:32  Overlord  
  81  5:34  Roach x4  
  89  5:41  Overlord  
  89  5:43  Spine Crawler x2  
  89  5:47  Roach  
  89  5:51  Roach x2  
  89  5:52  Roach x2  
  89  5:54  Zergling x2  
  89  5:56  Overlord  
  98  6:01  Roach x4  
  106  6:05  Overlord  
  104  6:19  Roach  
  104  6:20  Roach, Zergling x2  
  104  6:21  Overlord  
  104  6:25  Roach x3, Zergling x6  
  103  6:34  Roach x2, Zergling x8  
  106  6:44  Roach x2, Zergling x2  
  109  6:51  Drone x4  
  113  6:56  Roach x2  
Show
View Real Time Build Order
Export as new Build Order

goblin Protoss 

Build Orders: 1 Gate Expand, Oracle Opening, Phoenix Opening 

Get SALT Encoding   

  12  0:00  Probe  
  13  0:12  Probe  
  14  0:18  Pylon  
  14  0:25  Probe  
  15  0:33  Probe  
  15  0:38  Gateway  
  15  0:41  Probe  
  16  0:48  Assimilator  
  17  0:51  Probe  
  18  1:03  Probe  
  19  1:12  Forge  
  19  1:15  Probe  
  20  1:27  Nexus  
  21  1:38  Cybernetics Core  
  20  1:40  Probe  
  20  1:45  Assimilator  
  21  1:52  Probe  
  22  1:56  Pylon  
  22  2:03  Probe  
  22  2:05  Adept  
  23  2:11  Probe  
  26  2:19  Probe  
  27  2:30  Stargate, Probe  
  27  2:32  Adept  
  27  2:36  Probe  
  29  2:40  Warp Gate  
  29  2:42  Probe  
  31  2:45  Probe  
  32  2:55  Probe x2  
  34  3:04  Probe  
  34  3:07  Gateway, Probe  
  36  3:13  Probe  
  36  3:14  Phoenix  
  36  3:19  Probe  
  40  3:20  Assimilator  
  40  3:21  Probe  
  40  3:23  Assimilator  
  41  3:31  Probe  
  42  3:36  Twilight Council  
  43  3:43  Oracle  
  46  3:49  Pylon  
  46  3:52  Pylon  
  45  4:06  Probe  
  45  4:07  Probe  
  47  4:15  Twilight Council  
  47  4:20  Robotics Facility  
  47  4:26  Gateway  
  47  4:30  Gateway  
  47  4:31  Gateway  
  47  4:32  Gateway  
  47  4:34  Resonating Glaives  
  47  4:35  Gateway  
  47  4:38  Gateway  
  47  4:57  Warp Prism  
  47  4:58  Probe  
  48  5:00  Pylon  
  48  5:01  Adept x2  
  54  5:16  Pylon  
  54  5:25  Adept  
  54  5:26  Zealot, Adept x2  
  62  5:31  Adept x2  
  62  5:32  Pylon  
  66  5:46  Pylon  
  66  5:57  Adept x4  
  66  5:58  Adept x4  
  80  6:22  Adept  
  80  6:23  Adept x7  
  80  6:44  Adept x6  
  90  6:48  Adept  
  90  6:50  Adept  
  94  6:56  Pylon  
Tags
 
Add a new tag
Caveats
  • Supply blocks, unpowered buildings, or Contaminate may cause inaccurate times.
  • Supply counts are checked every 10 seconds.